 Dungeon Crawl Stone Soup version 0.30-a0-269-gf0224bf7b6 (webtiles) character file.

Game seed: 5208485081346193974

105 billz999 the Changer (level 4, -4/30 HPs)
             Began as a Vampire Earth Elementalist on Oct 15, 2022.
             Killed from afar by Duvessa (17 damage)
             ... with a bolt of light
             ... on level 5 of the Dungeon.
             The game lasted 00:05:05 (2341 turns).

billz999 the Changer (Vampire Earth Elementalist)   Turns: 2341, Time: 00:05:06

Health: -4/30      AC:  4    Str:  7    XL:     4   Next: 53%
Magic:  2/8        EV: 12    Int: 19    God:
Gold:   120        SH:  0    Dex: 14    Spells: 3/8 levels left

rFire   . . .      SeeInvis +    (no weapon)
rCold   . . .      Faith    .    (no shield)
rNeg    . . .      Spirit   .    a - +0 robe
rPois   +          Reflect  .    n - +0 helmet
rElec   .          Harm     .    (no cloak)
rCorr   .          Rampage  .    (no gloves)
Will    .....                    p - +0 pair of boots
Stlth   ++........               (no amulet)
HPRegen 0.45/turn                e - ring of poison resistance
MPRegen 0.11/turn                (no ring)

@: healing quickly
A: alive, fangs 3, see invisible, vampiric 2
a: Exsanguinate


You were on level 5 of the Dungeon.
You visited 1 branch of the dungeon, and saw 4 of its levels.

You collected 120 gold pieces.

Inventory:

Armour
 a - a +0 robe (worn)
 n - a +0 helmet (worn)
 p - a +0 pair of boots (worn)
Jewellery
 e - a ring of poison resistance (left hand)
Scrolls
 c - 3 scrolls of noise {unknown}
 f - 4 scrolls of brand weapon {unknown}
 g - a scroll of enchant armour {unknown}
 i - a scroll of identify {unknown}
 j - a scroll of vulnerability {unknown}
 l - a scroll of butterflies {unknown}
 m - a scroll of immolation {unknown}
Potions
 d - a potion of curing
 h - a potion of degeneration {unknown}
 k - a potion of lignification {unknown}
 o - a potion of attraction {unknown}


   Skills:
 - Level 2.1 Dodging
 - Level 3.0 Stealth
 * Level 2.7 Spellcasting
 * Level 3.9 Transmutations
 + Level 3.3 Earth Magic


You had 3 spell levels left.
You knew the following spells:

 Your Spells              Type           Power      Damage    Failure   Level
a - Sandblast             Erth           30%        2d9       4%          1
b - Petrify               Tmut/Erth      16%        N/A       34%         4

Your spell library contained the following spells:

 Spells                   Type           Power      Damage    Failure   Level
 Passwall                 Tmut/Erth      13%        N/A       5%          2
 Stone Arrow              Conj/Erth      16%        3d8       24%         3


Dungeon Overview and Level Annotations

Branches:
Dungeon (3/15)

Altars:

Shops:
D:3 [

Annotations:
D:5 Dowan, Duvessa


Innate Abilities, Weirdness & Mutations

Your natural rate of healing is accelerated.
You have razor-sharp teeth.
You have supernaturally acute eyesight. (SInv)
You are afflicted with vampirism and can become a bat while bloodless.


Message History

Casting: Sandblast (safe; 4% risk of failure)
Confirm with . or Enter, or press ? or * to list all spells.
Aiming: Sandblast (safe; 4% risk of failure)
Press: ? - help, Shift-Dir - straight line, f/p - scorpion
Aim: a scorpion (almost dead, 82% to hit)
The blast of sand hits the scorpion but does no damage.
The scorpion is almost dead.
The scorpion closely misses you. The scorpion stings you.
* * * LOW HITPOINT WARNING * * *
Casting: Sandblast (safe; 4% risk of failure)
Confirm with . or Enter, or press ? or * to list all spells.
Aiming: Sandblast (safe; 4% risk of failure)
Press: ? - help, Shift-Dir - straight line, f/p - scorpion
Aim: a scorpion (almost dead, 82% to hit)
The blast of sand hits the scorpion but does no damage.
The scorpion is almost dead.
The scorpion barely misses you.
Unknown command.
Casting: Sandblast (safe; 4% risk of failure)
Confirm with . or Enter, or press ? or * to list all spells.
Aiming: Sandblast (safe; 4% risk of failure)
Press: ? - help, Shift-Dir - straight line, f/p - scorpion
Aim: a scorpion (almost dead, 82% to hit)
The blast of sand hits the scorpion but does no damage.
The scorpion is almost dead.
The scorpion stings you.
* * * LOW HITPOINT WARNING * * *
The scorpion barely misses you.
You feel better. The scorpion completely misses you.
Your magical contamination has completely faded away.
Casting: Sandblast (safe; 4% risk of failure)
Confirm with . or Enter, or press ? or * to list all spells.
Aiming: Sandblast (safe; 4% risk of failure)
Press: ? - help, Shift-Dir - straight line, f/p - scorpion
Aim: a scorpion (almost dead, 82% to hit)
The blast of sand hits the scorpion.
You kill the scorpion!
Duvessa zaps a wand.
The bolt of light hits you!
Ouch! That really hurt!
You die...

#.......
###......
.......
.:... #.#.#
#.#.###
#e....# #
#e#...#.#
#@##..#.#
#.#.....#
#.#...###
#...#...#
#####.#.#
###.#.#
#...#.#
#####.###.#
#.........##


You could see Duvessa and Dowan.

Vanquished Creatures
  A scorpion (D:5)
  4 adders (D:2)
  2 worms (D:2)
  2 dart slugs
  8 endoplasms (D:1)
  2 giant cockroaches (D:1)
  6 goblins
  6 hobgoblins
  2 jackals (D:1)
  4 quokkas
  2 ball pythons
  5 bats
  4 frilled lizards
  7 kobolds
  4 rats
59 creatures vanquished.

Notes
Turn   | Place    | Note
-------+----------+-------------------------------------------
     0 | D:1      | billz999 the Vampire Earth Elementalist began the quest for
                  | the Orb.
     0 | D:1      | Reached XP level 1. HP: 13/13 MP: 3/3
   222 | D:1      | Reached XP level 2. HP: 19/19 MP: 0/5
   676 | D:1      | Gained mutation: You are afflicted with vampirism and can
                  | become a bat while bloodless. [Vampire growth]
   676 | D:1      | Reached XP level 3. HP: 22/24 MP: 0/6
  1626 | D:2      | Reached XP level 4. HP: 30/30 MP: 4/7
  2003 | D:2      | Learned a level 4 spell: Petrify
  2217 | D:2      | Found a faded altar of an unknown god.
  2299 | D:3      | Found Ampen's Armour Boutique.
  2300 | D:3      | You fall into a shaft and drop 2 floors!
  2300 | D:5      | Entered Level 5 of the Dungeon
  2316 | D:5      | Noticed a scorpion
  2318 | D:5      | Noticed Duvessa
  2322 | D:5      | Noticed Dowan
  2341 | D:5      | Killed a scorpion
  2341 | D:5      | Killed from afar by Duvessa

Illustrated notes

Levels and vault maps discovered:
D:1:      eino_arrival_cavern_c, layout_basic, item_on_display_a
D:2:      layout_basic, shapermc_ecumenical_altar_mp_vishouse
D:3:      layout_basic, gammafunk_temple_overflow_wave, serial_shops, shop,
          nicolae_diamond_shop, nicolae_shop_trees, serial_bayou_pond_b
D:5:      layout_basic, grunt_dithmenos_shadows, minmay_temple_entry_grid,
          uniq_ijyb, uniq_eustachio, uniq_duvessa

Skill      XL: |  1  2 |
---------------+-------+-----
Transmutations | 2 3 |  3.9
Dodging        | |  2.1
Stealth        | |  3.0
Spellcasting   | |  2.7
Earth Magic    | |  3.3

Action                   |  1- 3 |  4- 6 || total
-------------------------+-------+-------++-------
Melee: Unarmed           |     2 |     1 ||     3
       Bite              |     1 |       ||     1
 Cast: Sandblast         |    72 |    33 ||   105
  Use: Potion            |       |     3 ||     3
Armor: Robe              |     3 |     4 ||     7
Dodge: Dodged            |    20 |    17 ||    37

Table legend: (Time is in decaauts)
 A = Elapsed time spent in this place.
 B = Non-inter-level travel time spent in this place.
 C = Inter-level travel time spent in this place.
 D = Time resting spent in this place.
 E = Time spent auto-exploring this place.
 F = Levels seen in this place.
 G = Mean time per level.
                   A        B        C        D        E       F      G
               +--------+--------+--------+--------+--------+-----+--------+
         Total |   2391 |   2243 |    148 |    275 |   1617 |   4 |  597.8 |
       Dungeon |   2391 |   2243 |    148 |    275 |   1617 |   4 |  597.8 |
               +--------+--------+--------+--------+--------+-----+--------+

Top non-repeatable levels by time:
     D:1: 1256 daAuts
     D:2: 1068 daAuts
     D:5: 47 daAuts
     D:3: 20 daAuts
